 Dungeon Crawl Stone Soup version 0.32-a0-643-ga006e7742e (webtiles) character file.

Game seed: 12869553159591898009

1825149 ragingrage the Impassioned (level 27, 166/166 HPs)
             Began as a Vine Stalker Ice Elementalist on Mar 7, 2024.
             Was a Follower of Uskayaw.
             Escaped with the Orb
             ... and 3 runes!
             The game lasted 01:57:44 (58816 turns).

ragingrage the Impassioned (VSIE)                  Turns: 58816, Time: 01:57:45

Health: 166/166    AC: 15    Str: 14    XL:     27
Magic:  37/37      EV: 34    Int: 16    God:    Uskayaw [*.....]
Gold:   3848       SH: 13    Dex: 34    Spells: 3/36 levels left

rFire   + + +        b - +9 quick blade (distort)
rCold   + . .        U - +2 buckler {AC+3}
rNeg    + . .        t - melded +0 acid dragon scales
rPois   +            a - +2 helmet {SInv}
rElec   +            A - +0 cloak of Uxuanwas {Dex+6}
rCorr   +            c - +2 pair of gloves "Xemieste" {Str+4}
SInv    +            R - +2 pair of boots {rampage}
Will    +++..        l - amulet of Vanity {Faith +Blink rC+ rCorr Stlth+}
Stlth   ++++         n - ring of the Heavens {rElec rPois rN+ Str-2 Stlth+}
HPRegen 1.27/turn    g - ring "Mas Xoet" {^Drain Fly rF+++ Int+3 Stlth+}
MPRegen 0.25/turn

%: guardian spirit, rampage, faith
@: maw-form, flying, studying 2 skills
A: devouring maw, fangs 3, regeneration 1, magic shield, antimagic bite, no
potion heal 2, iridescent scales 1, thin skeletal structure 1, dopey 1, robust
1, screaming 1, weak 1
0: Orb of Zot
}: 3/15 runes: serpentine, barnacled, silver
a: Begin Untransformation, Renounce Religion, Evoke Blink, Stomp


You escaped.
You worshipped Uskayaw.
Uskayaw was most pleased with you.
You were a creature with a mouth for a stomach.
You visited 10 branches of the dungeon, and saw 48 of its levels.
You visited 1 bazaar.
You also visited: Gauntlet, Wizlab and Desolation.

You collected 6833 gold pieces.
You spent 2985 gold pieces at shops.

Inventory:

Hand Weapons
 b - a +9 quick blade of distortion (weapon)
 S - the +8 autumn katana {manifold assault}
   (You found it on level 1 of the Depths)
Missiles
 Q - 8 curare-tipped darts
 T - 9 throwing nets (quivered)
Armour
 a - a +2 helmet of see invisible (worn)
 c - the +2 pair of gloves "Xemieste" (worn) {Str+4}
   (You bought it in a shop on level 15 of the Dungeon)

   Str+4:     It affects your strength (+4).
 t - +0 acid dragon scales (melded)
 A - the +0 cloak of Uxuanwas (worn) {Dex+6}
   (You found it on level 3 of the Realm of Zot)

   Dex+6:     It affects your dexterity (+6).
 R - a +2 pair of boots of rampaging (worn)
 U - a +2 buckler of protection (worn)
Jewellery
 g - a ring "Mas Xoet" (right hand) {^Drain Fly rF+++ Int+3 Stlth+}
   (You found it on level 15 of the Dungeon)

   [ring of flight]

   Int+3:     It affects your intelligence (+3).
   rF+++:     It renders you almost immune to fire.
   Fly:       It grants you flight.
   ^Drain:    It drains your maximum health when unequipped.
   Stlth+:    It makes you more stealthy.
 l - the amulet of Vanity (around neck) {Faith +Blink rC+ rCorr Stlth+}
   (You found it on level 1 of the Orcish Mines)

   [amulet of faith]

   Faith:     It allows you to gain divine favour quickly.
   rC+:       It protects you from cold.
   +Blink:    It lets you blink.
   rCorr:     It protects you from acid and corrosion.
   Stlth+:    It makes you more stealthy.
 n - the ring of the Heavens (left hand) {rElec rPois rN+ Str-2 Stlth+}
   (You took it off a servant of whispers in the Desolation of Salt)

   [ring of positive energy]

   Str-2:     It affects your strength (-2).
   rElec:     It insulates you from electricity.
   rPois:     It protects you from poison.
   rN+:       It protects you from negative energy.
   Stlth+:    It makes you more stealthy.
 H - the ring of Vehumet's Supremacy {rElec EV+5 Int+3}
   (You acquired it on level 3 of the Lair of Beasts)

   [ring of evasion]

   EV+5:      It affects your evasion (+5).
   Int+3:     It affects your intelligence (+3).
   rElec:     It insulates you from electricity.
 J - the ring "Edokaub" {AC+4 Str+4}
   (You found it on level 11 of the Dungeon)

   [ring of protection]

   AC+4:      It affects your AC (+4).
   Str+4:     It affects your strength (+4).
 L - the ring "Mytyt" {rN+ rCorr Str+2}
   (You found it on level 15 of the Dungeon)

   [ring of positive energy]

   Str+2:     It affects your strength (+2).
   rN+:       It protects you from negative energy.
   rCorr:     It protects you from acid and corrosion.
Wands
 j - a wand of warping (77)
 m - a wand of paralysis (62)
 I - a wand of digging (46)
 P - a wand of quicksilver (15)
 X - a wand of flame (9)
Scrolls
 e - 13 scrolls of blinking
 f - 16 scrolls of poison
 o - 11 scrolls of fog
 s - 10 scrolls of vulnerability
 v - 6 scrolls of immolation
 y - 9 scrolls of fear
 z - 23 scrolls of teleportation
 D - 11 scrolls of noise
 F - 6 scrolls of revelation
 K - 8 scrolls of silence
 W - 3 scrolls of butterflies
Potions
 d - 11 potions of haste
 h - 23 potions of curing
 k - 4 potions of invisibility
 p - a potion of ambrosia
 q - 7 potions of mutation
 w - 13 potions of attraction
 x - 9 potions of enlightenment
 B - 3 potions of resistance
 C - 12 potions of magic
 E - 5 potions of cancellation
 G - 10 potions of might
 N - 10 potions of brilliance
 Y - 3 potions of lignification
 Z - 4 potions of berserk rage
Miscellaneous
 i - a lightning rod (4/4)
 r - a phial of floods
 u - a tin of tremorstones (2/2)
 M - a box of beasts
 O - a phantom mirror


   Skills:
 - Level 18.0 Fighting
 - Level 12.5(14.0) Short Blades
 - Level 10.2(12.8) Long Blades
 - Level 17.0 Dodging
 - Level 17.0 Stealth
 - Level 15.0 Shields
 - Level 5.0 Spellcasting
 - Level 15.0 Necromancy
 - Level 10.0 Translocations
 - Level 7.0 Ice Magic
 - Level 6.0 Air Magic
 - Level 6.0 Earth Magic
 - Level 18.0 Invocations
 + Level 15.1 Evocations
 - Level 14.0 Shapeshifting


You had 3 spell levels left.
You knew the following spells:

 Your Spells              Type           Power      Damage    Failure   Level
a - Fugue of the Fallen   Necr           51%        N/A       1%          3
b - Death Channel         Necr           25%        N/A       5%          6
c - Ozocubu's Armour      Ice            26%        N/A       3%          3
d - Passwall              Erth           23%        N/A       4%          3
e - Borgnjor's Vile Clut  Necr/Erth      18%        N/A       6%          5
f - Frozen Ramparts       Ice            52%        1d8       3%          3
g - Vhi's Electric Charg  Tloc/Air       58%        N/A       6%          4
h - Blink                 Tloc           72%        N/A       1%          2
i - Manifold Assault      Tloc           36%        N/A       2%          4

Your spell library contained the following spells:

 Spells                   Type           Power      Damage    Failure   Level
 Freeze                   Ice            100%       1d10      1%          1
 Kiss of Death            Conj/Necr      100%       2d13      1%          1
 Cigotuvi's Dreadful Rot  Necr/Alch/Air  52%        N/A       1%          2
 Lesser Beckoning         Tloc           72%        N/A       1%          2
 Sublimation of Blood     Necr           51%        N/A       1%          2
 Gell's Gravitas          Tloc           36%        N/A       1%          3
 Teleport Other           Tloc           36%        N/A       1%          3
 Vampiric Draining        Necr           51%        2d9       1%          3
 Momentum Strike          Conj/Tloc      40%        3d9       3%          2
 Shock                    Conj/Air       52%        1d6       4%          1
 Swiftness                Air            23%        N/A       4%          3
 Ensorcelled Hibernation  Hex/Ice        30%        N/A       6%          2
 Static Discharge         Conj/Air       26%        3-5/arc   8%          2
 Hailstorm                Conj/Ice       15%        3d6       12%         3
 Summon Ice Beast         Ice/Summ       15%        N/A       12%         3
 Foxfire                  Conj/Fire      16%        2x1d4     17%         1
 Magic Dart               Conj           16%        1d3       17%         1
 Slow                     Hex            16%        N/A       17%         1
 Mephitic Cloud           Conj/Alch/Air  10%        N/A       22%         3
 Call Imp                 Summ           8%         N/A       26%         2
 Jinxbite                 Hex            8%         N/A       26%         2
 Call Canine Familiar     Summ           4%         N/A       45%         3
 Confusing Touch          Hex            4%         N/A       45%         3
 Dazzling Flash           Conj/Hex       8%         N/A       45%         3
 Inner Flame              Hex/Fire       4%         N/A       45%         3
 Sigil of Binding         Hex            4%         N/A       45%         3
 Tukima's Dance           Hex            4%         N/A       45%         3
 Animate Dead             Necr           51%        N/A       1%          4
 Dispel Undead            Necr           51%        3d19      1%          4
 Curse of Agony           Necr           51%        N/A       1%          5
 Passage of Golubria      Tloc           36%        N/A       2%          4
 Anguish                  Hex/Necr       14%        N/A       8%          4
 Martyr's Knell           Necr/Summ      28%        N/A       8%          4
 Airstrike                Air            11%        2d(2-18)  14%         4
 Dimensional Bullseye     Hex/Tloc       10%        N/A       22%         4
 Iskenderun's Mystic Bla  Conj/Tloc      20%        2d6       22%         4
 Dispersal                Tloc           18%        N/A       41%         6
 Brom's Barrelling Bould  Conj/Erth      13%        2d4       45%         4
 Leda's Liquefaction      Alch/Erth      6%         N/A       45%         4
 Summon Lightning Spire   Summ/Air       13%        N/A       45%         4
 Summon Forest            Summ/Tloc      10%        N/A       52%         5
 Freezing Cloud           Conj/Ice/Air   8%         6-21      63%         5
 Arcjolt                  Conj/Air       6%         1d16      80%         5
 Silence                  Hex/Air        6%         N/A       80%         5
 Cause Fear               Hex            2%         N/A       86%         4
 Fulminant Prism          Conj/Alch      2%         3d5       86%         4
 Ignite Poison            Fire/Alch      4%         N/A       86%         4
 Olgreb's Toxic Radiance  Alch           4%         N/A       86%         4
 Borgnjor's Revivificati  Necr           25%        N/A       94%         8
 Alistair's Intoxication  Alch           2%         N/A       99%         5
 Fireball                 Conj/Fire      2%         3d4       99%         5
 Irradiate                Conj/Alch      2%         3d12      99%         5
 Iskenderun's Battlesphe  Conj           4%         2d6       99%         5
 Summon Mana Viper        Hex/Summ       4%         N/A       99%         5
 Yara's Violent Unravell  Hex/Alch       2%         3d3       99%         5
 Sculpt Simulacrum        Ice/Alch       7%         N/A       99%         6
 Conjure Ball Lightning   Conj/Air       6%         3x3d6     100%        6
 Eringya's Noxious Bog    Alch           2%         4d6       100%        6
 Plasma Beam              Fire/Air       6%         2x1d17    100%        6
 Starburst                Conj/Fire      2%         6d3       100%        6
 Summon Cactus Giant      Summ           2%         N/A       100%        6
 Enfeeble                 Hex            2%         N/A       100%        7
 Haunt                    Necr/Summ      14%        N/A       100%        7
 Malign Gateway           Summ/Tloc      10%        N/A       100%        7
 Monstrous Menagerie      Summ           2%         N/A       100%        7
 Orb of Destruction       Conj           2%         9d5       100%        7
 Summon Hydra             Summ           2%         N/A       100%        7
 Discord                  Hex            2%         N/A       100%        8
 Disjunction              Tloc           18%        N/A       100%        8
 Lehudib's Crystal Spear  Conj/Erth      6%         10d3      100%        8
 Summon Horrible Things   Summ           2%         N/A       100%        8
 Death's Door             Necr           25%        N/A       100%        9
 Dragon's Call            Summ           2%         N/A       100%        9
 Fire Storm               Conj/Fire      2%         8d1       100%        9


Dungeon Overview and Level Annotations

Branches:
Dungeon (15/15)            Temple (1/1) D:5            Lair (5/5) D:8
 Shoals (4/4) Lair:3        Snake (4/4) Lair:2        Slime (0/5) Lair:5
    Orc (2/2) D:11            Elf (3/3) Orc:2        Vaults (5/5) D:13
  Crypt (0/3) Vaults:3     Depths (4/4) D:15            Zot (5/5) Depths:4
 WizLab (visited)         Desolation (visited)      Gauntlet (visited)

Altars:
Ashenzari
Cheibriados
Dithmenos
Elyvilon
Fedhas
Gozag
Hepliaklqana
Kikubaaqudgha
Makhleb
Nemelex Xobeh
Okawaru
Qazlal
Ru
Sif Muna
Trog
Uskayaw
Wu Jian
Xom
Yredelemnul
Zin
The Shining One
Beogh
Jiyva

Shops:
D:12 *   D:15 ![(   Orc:2 :*[?   Elf:1 :(   Elf:2 =   Elf:3 :   Shoals:2 =
Snake:1 [(   Vaults:3 =*   Vaults:4 (   Depths:4 :?

Portals:
Hell: Lair:5 Depths:2 Depths:3 Depths:4
Abyss: Depths:2 Depths:3 Depths:4
Pandemonium: Depths:2
Ziggurat: Depths:3

Annotations:
D:9 exclusion: 3 oklob plants
Lair:5 2 runed translucent doors, occam's ghost, journeyman CoGl
Snake:2 2 transporters, exclusion: obsidian statue
Vaults:3 36 runed translucent doors
Depths:1 2 exclusions
Depths:4 exclusions: 2 draconian stormcallers and 2 more exclusions
Zot:5 3 runed translucent doors, Hsik's ghost, veteran DrBe; Yrobre's ghost, legendary MiHu
Abyss:1 Bai Suzhen; Mara


Innate Abilities, Weirdness & Mutations

You are a creature with a mouth for a stomach.
Your midsection houses a second, enormous mouth.
You have razor-sharp teeth.
Your natural rate of healing is unusually fast.
When hurt, damage is shared between your health and your magic reserves.
Your bite disrupts and absorbs the magic of your enemies.
Potions cannot restore your health.
You are partially covered in iridescent scales. (AC +2)
You have a somewhat thin skeletal structure. (Dex +2, Stealth+)
You are dopey. (Int -2)
You are robust. (+10% HP)
You occasionally shout uncontrollably at your foes.
You are weak. (Str -2)


Message History

No target in view!
No target in view!
(D) Dungeon (T) Temple (L) Lair (A) Shoals (P) Snake Pit (M) Slime Pits (O) Orcish Mines (E) Elven Halls (V) Vaults (C) Crypt (U) Depths (H) Hell (Z) Zot
Where to? (Tab/Enter - D:1 @ (x,y), ? - help)
What level of the Dungeon? (default 1, ? - help)
A tormentor comes into view.
Uskayaw will no longer force your foes to helplessly watch your dance.
The tormentor misses you. You block the tormentor's attack.
You hit the tormentor but do no damage.
Space warps around the tormentor.
You bite the tormentor.
The tormentor's magic leaks into the air.
You drain its magic.
You bite the tormentor, but do no damage.
You barely miss the tormentor. You bite the tormentor!
The tormentor's magic leaks into the air.
You drain its magic. You bite the tormentor. The tormentor closely misses you.
The tormentor hits you but does no damage.
You hit the tormentor but do no damage.
Space warps around the tormentor.
You bite the tormentor.
The tormentor's magic leaks into the air.
You drain its magic. Your bite misses the tormentor.
You puncture the tormentor!
Space warps horribly around the tormentor!!
You kill the tormentor!
Uskayaw will force your foes to helplessly watch your dance.
Unknown command.
No target in view!
No target in view!
(D) Dungeon (T) Temple (L) Lair (A) Shoals (P) Snake Pit (M) Slime Pits (O) Orcish Mines (E) Elven Halls (V) Vaults (C) Crypt (U) Depths (H) Hell (Z) Zot
Where to? (Tab/Enter - D:1 @ (x,y), ? - help)
What level of the Dungeon? (default 1, ? - help)
There is an empty arch of ancient stone here.
There is a staircase leading out of the dungeon here.
You have escaped!

....######.###############.#.....
....# #..................#.######
#######.##.#############.#.#...##
......#.##.# #.#.'...'.
#####.#....# #.###...##
......########### #.# #...#
#######.♣....♣..## #.# #...## #
#...........## #.# #..... #
#♣..♣......W.### #.# #..... ###
#.............~# #.# #..... ..#
#..............# #.# ##....
#.###♣..............♣ #.# #....
##∩#................♣ #.####....
##......⌠.....♣.....# #.........
##...............#∩## ####.....#
#................∩.# #[.>.....+
#♣...............### #.#......#


There were no monsters in sight!

Vanquished Creatures
  5 dread liches (Zot:5)
  4 orbs of fire
  Margery (Vaults:5)
  Vashnia (Snake:4)
  3 Killer Klowns
  2 curse toes
  8 golden dragons
  A bone dragon (Depths:4)
  Nikola (Elf:1)
  4 electric golems
  Rupert (D:13)
  12 tentacled monstrosities
  A lich (Vaults:5)
  18 Orb Guardians
  2 titans (Vaults:5)
  5 deep elf blademasters
  2 deep elf master archers (Elf:3)
  6 sphinxes
  3 quicksilver dragons
  A kraken (Shoals:4)
  An Executioner (Depths:4)
  12 death cobs
  Gastronok (D:8)
  4 tengu reavers
  Donald (Shoals:1)
  8 shadow dragons
  13 storm dragons
  2 nagarajas
  Ilsuiw (Shoals:2)
  4 draconian knights
  5 draconian monks
  6 fire giants
  8 draconian scorchers
  7 deep elf sorcerers (Elf:3)
  14 vault wardens
  13 frost giants
  An imperial myrmidon (Desolation)
  3 draconian shifters
  2 deep elf elementalists (Elf:3)
  2 ghost moths (Zot:3)
  2 spriggan defenders
  9 draconian stormcallers
  19 very ugly things
  15 ironbound preservers
  6 draconian annihilators
  A formless jellyfish (Vaults:3)
  12 stone giants
  14 black draconians
  14 green draconians
  4 ironbound thunderhulks
  3 war gargoyles
  4 vampire knights
  8 deep elf annihilators (Elf:3)
  4 deep elf death magi
  5 deep elf demonologists
  22 purple draconians
  13 red draconians
  11 white draconians
  4 spark wasps
  12 yellow draconians
  2 minotaurs
  8 dire elephants
  A crystal guardian (Desolation)
  Snorg (D:14)
  22 ettins
  4 entropy weavers
  5 fire dragons
  3 jiangshi (Depths:3)
  5 statues (WizLab)
  8 merfolk javelineers
  A spectral spriggan (Depths:4)
  7 merfolk impalers
  7 deep elf high priests
  11 ragged hierophants (Desolation)
  32 vault guards
  9 servants of whispers (Desolation)
  2 spriggan air magi (Depths:4)
  12 yaktaur captains
  3 merfolk avatars
  6 hydras
  11 great orbs of eyes
  4 salamander tyrants (Snake:4)
  8 ironbound frosthearts
  The ghost of ClasyJones the Cleaver, a journeyman CoBe of Trog (Orc:1)
  10 centaur warriors
  4 ogre magi
  A hell beast (Zot:1)
  6 rakshasas
  6 ice dragons
  11 peacekeepers
  9 anacondas
  4 alligator snapping turtles (Shoals:4)
  2 death knights
  2 catoblepae
  22 dancing weapons
  2 merfolk aquamancers
  9 deep troll earth magi
  12 two-headed ogres
  A vampire mage (Depths:3)
  7 boulder beetles
  2 death yaks
  7 spriggan berserkers
  6 deep troll shamans
  6 tengu warriors
  4 orc high priests
  Nergalle (D:10)
  5 occultists
  10 shock serpents
  14 naga sharpshooters
  7 naga warriors
  Sonja (D:10)
  23 deep elf knights
  6 hell knights
  7 salamander mystics (Snake:4)
  A wretched star (Gauntlet)
  8 spriggans
  Lodul (D:13)
  A shadow wraith (D:13)
  4 skysharks
  6 iron trolls
  A sixfirhy (Lair:5)
  40 deep trolls
  9 skeletal warriors
  4 naga ritualists (Snake:4)
  A large abomination (Depths:4)
  15 sea snakes
  7 arcanists
  9 deep elf archers
  2 glowing orange brains
  14 mana vipers
  16 lindwurms
  17 ironbound convokers
  A harpy (shapeshifter) (Vaults:5)
  3 necromancers
  18 deep elf zephyrmancers
  9 orc knights
  7 phantasmal warriors (Vaults:5)
  22 salamanders
  2 wolf spiders
  24 harpies
  27 ugly things
  3 orc sorcerers (Orc:2)
  9 cyclopes
  28 deep elf pyromancers
  18 manticores
  3 fauns (Shoals:3)
  30 moths of wrath
  4 kobold blastminers
  A faun (shapeshifter) (Depths:2)
  10 naga magi
  14 guardian serpents
  6 merfolk sirens
  3 meliai (D:15)
  A rust devil (Depths:2)
  A black mamba (shapeshifter) (D:15)
  44 black mambas
  3 molten gargoyles (Desolation)
  A guardian serpent (shapeshifter) (Depths:1)
  8 elephants (Lair:5)
  20 vault sentinels
  6 water nymphs
  An orange demon (Lair:5)
  12 cane toads
  3 smoke demons
  3 torpor snails
  A cane toad (shapeshifter) (Elf:2)
  8 rime drakes
  31 yaktaurs
  21 tengu conjurers
  12 komodo dragons
  3 freezing wraiths
  2 tormentors
  4 ice devils
  A red devil (Lair:5)
  3 efreet
  26 merfolk
  3 trolls
  3 hellwings (D:1)
  5 polar bears
  A polar bear (shapeshifter) (D:13)
  13 blink frogs
  4 glass eyes
  A hornet (shapeshifter) (D:15)
  A wind drake (shapeshifter) (D:15)
  Prince Ribbit (Lair:3)
  10 wind drakes
  13 hornets
  11 snapping turtles
  8 dream sheep
  76 saltlings (Desolation)
  A culicivora (shapeshifter) (Vaults:5)
  34 slime creatures
  38 yaks
  A shadow (D:11)
  Eustachio (D:4)
  14 water elementals
  4 wyverns
  5 air elementals
  5 fire elementals
  6 basilisks
  A golden eye (D:9)
  6 wraiths
  Grum (D:8)
  A vampire (D:14)
  A hog (shapeshifter) (D:15)
  A human (shapeshifter) (D:15)
  8 neqoxecs
  8 vampire mosquitoes (D:13)
  4 redbacks
  28 nagas
  4 acid dragons
  Duvessa (D:4)
  4 hell hounds (Lair:5)
  17 orc warriors
  15 water moccasins
  4 sky beasts
  3 black bears
  An ice beast (D:8)
  7 boggarts
  5 laughing skulls
  2 elephant zombies (D:6)
  17 ogres
  11 wolves
  2 phantoms
  7 centaurs
  A kobold brigand (D:9)
  An elf zombie (D:6)
  A gnoll sergeant (D:11)
  9 bullfrogs
  2 scorpions
  5 earth elementals
  9 wights
  Dowan (D:4)
  14 killer bees
  3 howler monkeys
  2 vampire bats (Orc:1)
  3 electric eels (Lair:3)
  A jelly (shapeshifter) (D:15)
  2 bombardier beetles
  2 centaur zombies (D:6)
  3 quasits (Orc:1)
  18 orc priests
  5 jellies
  3 hounds (D:5)
  A gnoll bouda (D:10)
  An iguana (D:7)
  A scorpion zombie (D:6)
  2 sleepcaps
  24 orc wizards
  A killer bee zombie (D:6)
  4 hound zombies (D:6)
  4 howler monkey zombies (D:6)
  6 gnolls
  5 adders
  3 shadow imps
  4 white imps
  A dart slug (D:2)
  80 orcs
  8 ball pythons
  10 bats
  11 endoplasms
  A giant cockroach (D:2)
  6 hobgoblins
  7 jackals
  5 quokkas
  3 training dummies (Elf:1)
  2 frilled lizards (D:3)
  12 kobolds
  5 rats
  6 tentacles (Shoals:4)
2080 creatures vanquished.

Vanquished Creatures (collateral kills)
  A Killer Klown (Zot:5)
  A golden dragon (Zot:2)
  5 Orb Guardians (Zot:5)
  A storm dragon (Zot:3)
  A fire giant (Vaults:5)
  A draconian scorcher (Zot:3)
  A very ugly thing (Vaults:5)
  A stone giant (Vaults:5)
  A yellow draconian (Zot:2)
  2 white draconians
  An ettin (Vaults:5)
  2 vault guards (Vaults:5)
  A phantasmal warrior (Vaults:5)
  An orc knight (Vaults:5)
  2 moths of wrath
  An orc wizard (Vaults:5)
23 creatures vanquished.

Vanquished Creatures (others)
  An eldritch tentacle (Zot:5)
  A storm dragon (Zot:2)
  A white draconian (Zot:2)
  A red draconian (Zot:4)
  A moth of wrath (Zot:2)
  A freezing wraith (Vaults:5)
  An orc wizard (D:12)
  4 tentacles (Shoals:4)
11 creatures vanquished.

Grand Total: 2114 creatures vanquished

Notes
Turn   | Place    | Note
-------+----------+-------------------------------------------
     0 | D:1      | ragingrage the Vine Stalker Ice Elementalist began the
                  | quest for the Orb.
     0 | D:1      | Reached XP level 1. HP: 9/9 MP: 4/4
   216 | D:1      | Reached XP level 2. HP: 14/14 MP: 4/6
   254 | D:1      | Reached skill level 1 in Fighting
  1279 | D:1      | Reached XP level 3. HP: 18/18 MP: 5/7
  1532 | D:2      | Learned a level 3 spell: Frozen Ramparts
  2403 | D:3      | Reached skill level 1 in Short Blades
  2481 | D:3      | Reached XP level 4. HP: 23/23 MP: 6/8
  2670 | D:3      | Identified the ring of Nashuobi {rF+ Int+6 Stlth+}
  2880 | D:4      | Found an iron altar of Okawaru.
  3744 | D:4      | Noticed Duvessa
  3759 | D:4      | Noticed Dowan
  3769 | D:5      | Entered Level 5 of the Dungeon
  3834 | D:5      | Noticed a scorpion
  3865 | D:5      | Killed a scorpion
  3866 | D:5      | Reached skill level 5 in Ice Magic
  3866 | D:5      | Reached XP level 5. HP: 26/26 MP: 3/9
  3921 | D:5      | Learned a level 3 spell: Ozocubu's Armour
  3948 | D:5      | Found a staircase to the Ecumenical Temple.
  4018 | Temple   | Entered the Ecumenical Temple
  4036 | Temple   | Became a worshipper of Uskayaw the Reveller
  4072 | D:5      | Noticed an orc warrior
  4079 | D:5      | Reached * piety under Uskayaw
  4083 | D:5      | Noticed Eustachio
  4125 | D:5      | Reached ** piety under Uskayaw
  4128 | D:5      | Reached *** piety under Uskayaw
  4129 | D:5      | Killed an orc warrior
  4130 | D:5      | Reached XP level 6. HP: 19/30 MP: 4/10
  4130 | D:5      | Reached **** piety under Uskayaw
  4454 | D:4      | Reached XP level 7. HP: 35/35 MP: 8/11
  4582 | D:4      | Killed Eustachio
  4986 | D:5      | Found a blossoming altar of Fedhas.
  5022 | D:5      | Identified the +8 falchion of the Jolly Interlopers {venom,
                  | rElec rCorr Int+3}
  5227 | D:5      | Reached skill level 5 in Short Blades
  5331 | D:6      | Gained mutation: You have razor-sharp teeth. [Vine Stalker
                  | growth]
  5331 | D:6      | Reached XP level 8. HP: 39/39 MP: 10/12
  5498 | D:6      | Found Onoha's Assorted Antiques.
  5546 | D:6      | Bought a scroll labelled ESOILIOGEWKO for 24 gold pieces
  5546 | D:6      | Bought a scroll labelled SIASIXEOSA for 24 gold pieces
  5546 | D:6      | Bought a scroll labelled AMIMIG CEAHAFO for 24 gold pieces
  5546 | D:6      | Bought a glowing purple potion for 21 gold pieces
  5546 | D:6      | Bought a scroll labelled ATIOTWO LEIXT for 24 gold pieces
  5546 | D:6      | Bought a scroll labelled ZAHOAS MEKYJ for 24 gold pieces
  5546 | D:6      | Bought a brass wand for 96 gold pieces
  5551 | D:6      | Found an ancient bone altar of Kikubaaqudgha.
  5598 | D:6      | Reached skill level 1 in Invocations
  5603 | D:6      | Reached ***** piety under Uskayaw
  5635 | D:6      | Reached ****** piety under Uskayaw
  5696 | D:6      | Got the Incunabulum of Spatial Oxidation
  5868 | D:6      | Reached XP level 9. HP: 41/42 MP: 11/13
  6645 | D:6      | Reached skill level 5 in Invocations
  6904 | D:7      | Found a shimmering blue altar of Sif Muna.
  7340 | D:7      | Found a basalt altar of Yredelemnul.
  7529 | D:8      | Found a staircase to the Lair.
  7536 | D:8      | Noticed Grum
  7570 | D:8      | Noticed Gastronok
  7727 | D:8      | Noticed a two-headed ogre
  7749 | D:8      | Killed a two-headed ogre
  7750 | D:8      | Reached XP level 10. HP: 32/46 MP: 13/15
  7828 | D:8      | Reached skill level 10 in Short Blades
  7836 | D:8      | Reached skill level 1 in Long Blades
  7866 | D:8      | Identified the blade talisman "Ishrasm" {rC+ Str+3 Dex-5
                  | Stlth+}
  7968 | D:8      | Killed Gastronok
  8063 | D:8      | Found an opulent altar of Gozag.
  8111 | D:8      | Found a glowing silver altar of Zin.
  8215 | D:8      | Killed Grum
  8336 | D:8      | Found a burning altar of Makhleb.
  8619 | D:9      | Reached skill level 5 in Fighting
  8624 | D:9      | Reached XP level 11. HP: 35/55 MP: 9/16
  8701 | D:9      | Reached skill level 5 in Long Blades
  8913 | D:9      | Noticed a two-headed ogre
  8928 | D:9      | Killed a two-headed ogre
  9066 | D:9      | Noticed an oklob plant
  9066 | D:9      | Noticed an oklob plant
  9110 | D:9      | Noticed a two-headed ogre
  9117 | D:9      | Killed a two-headed ogre
  9233 | D:9      | Noticed an oklob plant
 10304 | D:10     | Entered Level 10 of the Dungeon
 10310 | D:10     | Paralysed by a hornet for 3 turns
 10316 | D:10     | Noticed a red ugly thing
 10406 | Lair:1   | Entered Level 1 of the Lair of Beasts
 11772 | Lair:2   | Noticed a boulder beetle
 11854 | Lair:2   | Reached skill level 10 in Long Blades
 12011 | Lair:2   | Reached XP level 12. HP: 29/60 MP: 8/17
 12017 | Lair:2   | Reached skill level 1 in Evocations
 12195 | Lair:2   | Noticed a six-headed hydra
 12277 | Lair:2   | Noticed a boulder beetle
 12300 | Lair:2   | Killed a boulder beetle
 12313 | Lair:2   | Found the +3 pair of seven-league boots {Rampage+∞}
 12760 | Lair:2   | Found a staircase to the Snake Pit.
 13420 | Lair:2   | Killed a boulder beetle
 13605 | Lair:2   | Killed a six-headed hydra
 14254 | Lair:3   | Noticed a death yak
 14298 | Lair:3   | Killed a death yak
 14373 | Lair:3   | Found a staircase to the Shoals.
 14476 | Lair:3   | Reached skill level 5 in Dodging
 14482 | Lair:3   | Reached XP level 13. HP: 60/66 MP: 16/19
 15034 | Lair:3   | Noticed a fire dragon
 15034 | Lair:3   | Noticed Prince Ribbit
 15045 | Lair:3   | Killed Prince Ribbit
 15054 | Lair:3   | Killed a fire dragon
 15784 | Lair:4   | Reached skill level 5 in Evocations
 16559 | Lair:5   | Entered Level 5 of the Lair of Beasts
 17074 | Lair:5   | Reached XP level 14. HP: 70/72 MP: 18/22
 17150 | Lair:5   | Found a large runed translucent door.
 17150 | Lair:5   | Found a large runed translucent door.
 17154 | Lair:5   | Noticed occam's ghost (journeyman CoGl)
 17471 | Lair:5   | Reached skill level 10 in Invocations
 17471 | Lair:5   | Reached skill level 1 in Shapeshifting
 17688 | Lair:5   | Found a burning altar of Makhleb.
 17805 | Lair:5   | Found a gateway to Hell.
 18057 | Lair:5   | Found a viscous altar of Jiyva.
 18059 | Lair:5   | Found a staircase to the Slime Pits.
 18497 | D:4      | Killed Duvessa
 18502 | D:4      | Killed Dowan
 18935 | D:10     | Noticed Sonja
 18941 | D:10     | Killed Sonja
 19286 | D:10     | Noticed Nergalle
 19288 | D:10     | Found a stormy altar of Qazlal.
 19306 | D:10     | Killed Nergalle
 19379 | D:10     | Found a glowing golden altar of the Shining One.
 19389 | D:10     | Found a hazy altar of Hepliaklqana.
 19581 | D:11     | Found a gate leading to a gauntlet.
 19593 | Gauntlet | Entered a Gauntlet
 19593 | Gauntlet | Found a transporter.
 19601 | Gauntlet | Found a transporter.
 19603 | Gauntlet | Found a transporter.
 19618 | Gauntlet | Found a transporter.
 19627 | Gauntlet | Found a transporter.
 19633 | Gauntlet | Found a transporter.
 19648 | Gauntlet | Found a transporter.
 19667 | Gauntlet | Found a transporter.
 19679 | Gauntlet | Found a transporter.
 19691 | Gauntlet | Found a transporter.
 19696 | Gauntlet | Found a transporter.
 19696 | Gauntlet | Found a transporter.
 19721 | Gauntlet | Found a transporter.
 19727 | Gauntlet | Found a transporter.
 19729 | Gauntlet | Found a transporter.
 19732 | Gauntlet | Found a transporter.
 19752 | Gauntlet | Found a transporter.
 19761 | Gauntlet | Found a transporter.
 19977 | Gauntlet | Identified the +0 cloak "Zofan" {rF- Int+8 Dex+3}
 20005 | Gauntlet | Reached skill level 5 in Shapeshifting
 20005 | Gauntlet | Identified the +0 chain mail "Kocrypasch" {rN+ Str+2}
 20005 | Gauntlet | Identified the +2 ring mail of the Desolation of Salt {Harm
                  | rC+ Int+6 Dex-2}
 20095 | D:11     | Found a frozen archway.
 20383 | D:11     | Identified the ring "Edokaub" {AC+4 Str+4}
 20420 | D:11     | Identified the +6 quarterstaff of Niekhot {heavy, Str+3}
 20489 | D:11     | Found a staircase to the Orcish Mines.
 20678 | D:11     | Learned a level 3 spell: Passwall
 21249 | D:12     | Found Xuikkeg's General Store.
 21257 | D:12     | Bought a scroll of fear for 52 gold pieces
 21257 | D:12     | Bought a potion of cancellation for 104 gold pieces
 21257 | D:12     | Bought a box of beasts for 520 gold pieces
 21285 | D:12     | Identified the +1 trident of Vodka {distort, Dex+4}
 21625 | D:12     | Found a sparkling altar of Nemelex Xobeh.
 21785 | D:13     | Reached XP level 15. HP: 74/75 MP: 23/23
 21915 | D:13     | Noticed Lodul
 21939 | D:13     | Killed Lodul
 22169 | D:13     | Found a gate to the Vaults.
 22382 | D:13     | Noticed Rupert
 22383 | D:13     | Paralysed by Rupert for 4 turns
 22398 | D:13     | Killed Rupert
 22399 | D:13     | Reached skill level 10 in Shapeshifting
 23151 | D:14     | Noticed Snorg
 23171 | D:14     | Killed Snorg
 23461 | D:15     | Entered Level 15 of the Dungeon
 23545 | D:14     | Reached skill level 1 in Shields
 23579 | D:15     | Found Nevvaps's Antique Weapon Emporium.
 23800 | D:15     | Found a transporter.
 23800 | D:15     | Noticed a frost giant
 23817 | D:15     | Killed a frost giant
 23916 | D:15     | Identified the +12 rapier of Xuxoeser {heavy, Will+ Stlth+}
 23957 | D:15     | Identified the ring "Tuwujy" {rElec Dex+6 Stlth+}
 24123 | D:15     | Reached skill level 5 in Shields
 24127 | D:15     | Reached XP level 16. HP: 71/80 MP: 24/24
 24136 | D:15     | Identified a ring "Mas Xoet" {^Drain Fly rF+++ Int+3
                  | Stlth+}
 24269 | D:15     | Found Gerufoch's Armour Emporium.
 24280 | D:15     | Bought the +2 pair of gloves "Xemieste" {Str+4} for 508
                  | gold pieces
 24393 | D:15     | Identified the ring "Mytyt" {rN+ rCorr Str+2}
 24512 | D:15     | Found a staircase to the Depths.
 24545 | D:15     | Identified the +0 scimitar of Adecucho {venom, Str+5}
 24614 | D:15     | Found a transporter.
 24646 | D:15     | Noticed a tengu reaver
 24656 | D:15     | Killed a tengu reaver
 24671 | D:15     | Got the Spellbook of Fulmination
 24702 | D:15     | Found Ogitza's Distillery.
 24709 | D:15     | Got the Reference Book on Glamourous Transmogrification
 24714 | D:15     | Bought a potion of berserk rage for 70 gold pieces
 24714 | D:15     | Bought a potion of invisibility for 112 gold pieces
 24731 | D:15     | Learned a level 3 spell: Fugue of the Fallen
 24904 | Orc:1    | Entered Level 1 of the Orcish Mines
 24963 | Orc:1    | Found a transporter.
 24973 | Orc:1    | Noticed ClasyJones's ghost (journeyman CoBe)
 24996 | Orc:1    | Found a transporter.
 25118 | Orc:1    | Found a roughly hewn altar of Beogh.
 25556 | Orc:2    | Entered Level 2 of the Orcish Mines
 25780 | Orc:2    | Found a staircase to the Elven Halls.
 26072 | Orc:2    | Found Xefoacox's Magic Scroll Shop.
 26072 | Orc:2    | Found Fach's Antique Armour Emporium.
 26074 | Orc:2    | Found Zilifeeff's Assorted Antiques.
 26074 | Orc:2    | Found Ethref Guvva's Book Emporium.
 26080 | Orc:2    | Bought a scroll of blinking for 127 gold pieces
 26500 | Orc:1    | Gained mutation: You occasionally lose the ability to read
                  | scrolls when taking damage. [a neqoxec]
 26500 | Orc:1    | Gained mutation: You are weak. (Str -2) [a neqoxec]
 26506 | Orc:1    | Killed ClasyJones's ghost
 26520 | Orc:1    | Identified the amulet of Vanity {Faith +Blink rC+ rCorr
                  | Stlth+}
 27049 | Shoals:1 | Entered Level 1 of the Shoals
 27426 | Shoals:1 | Noticed Donald
 27448 | Shoals:1 | Killed Donald
 28212 | Shoals:2 | Reached XP level 17. HP: 86/86 MP: 26/26
 28648 | Shoals:2 | Noticed Ilsuiw
 28783 | Shoals:2 | Killed Ilsuiw
 28800 | Shoals:2 | Found Wafuxtec's Jewellery Shoppe.
 29445 | Shoals:4 | Entered Level 4 of the Shoals
 29445 | Shoals:4 | Noticed a kraken
 29485 | Shoals:4 | Killed a kraken
 29751 | Shoals:4 | Reached skill level 1 in Necromancy
 29843 | Shoals:4 | Identified the ring "Epuzial" {Wiz rC++ Int+2}
 29863 | Shoals:4 | Reached skill level 10 in Dodging
 29957 | Shoals:4 | Got a barnacled rune of Zot
 30008 | Shoals:4 | Identified the +10 scimitar of Unreason {holy, rPois Str+2
                  | Stlth+}
 30856 | Shoals:3 | Reached skill level 10 in Fighting
 30876 | Shoals:3 | Identified a scroll of acquirement
 30985 | Shoals:3 | Reached XP level 18. HP: 93/93 MP: 28/28
 32353 | Elf:1    | Entered Level 1 of the Elven Halls
 32544 | Elf:1    | Found Ylaokkif's Book Boutique.
 32698 | Elf:1    | Noticed Nikola
 32711 | Elf:1    | Killed Nikola
 32729 | Elf:1    | Found Kaet Hel's Firing Range.
 32746 | Elf:1    | Bought 2 throwing nets for 102 gold pieces
 32746 | Elf:1    | Bought a throwing net for 51 gold pieces
 32914 | Elf:1    | Reached skill level 5 in Necromancy
 32952 | Elf:1    | Found a shimmering blue altar of Sif Muna.
 32961 | Elf:1    | Identified the +10 shortbow of Guh Cocsa {freeze, rF+
                  | Will+}
 32975 | Elf:1    | Found a roughly hewn altar of Beogh.
 33596 | Elf:2    | Paralysed by an air elemental for 1 turns
 33620 | Elf:2    | Reached skill level 1 in Earth Magic
 33652 | Elf:2    | Found Vuyrghynu's Jewellery Shoppe.
 33678 | Elf:2    | Paralysed by an air elemental for 1 turns
 33921 | Elf:2    | Found a runed translucent gate.
 33922 | Elf:2    | Found a runed translucent gate.
 33922 | Elf:2    | Found a runed translucent gate.
 34566 | Elf:3    | Entered Level 3 of the Elven Halls
 34830 | Elf:3    | Found Botikeor's One-of-a-Kind Books.
 34846 | Elf:3    | Acquired the ring of Vehumet's Supremacy {rElec EV+5 Int+3}
 34848 | Elf:3    | Acquired a manual of Fighting
 34928 | Elf:3    | Reached XP level 19. HP: 97/101 MP: 29/29
 35353 | Elf:3    | Paralysed by an air elemental for 1 turns
 35625 | Elf:3    | Identified a ring "Gumivvu" {Fly SInv}
 35649 | Elf:3    | Noticed an Ice Fiend
 35951 | Elf:3    | Lost mutation: You occasionally lose the ability to read
                  | scrolls when taking damage. [potion of mutation]
 35951 | Elf:3    | Lost mutation: You are weak. (Str -2) [potion of mutation]
 35951 | Elf:3    | Gained mutation: You are robust. (+10% HP) [potion of
                  | mutation]
 35951 | Elf:3    | Gained mutation: You have large cloven feet. [potion of
                  | mutation]
 35984 | Elf:3    | Identified the +3 chain mail "Rababb" {-Tele Fly Str+4}
 36013 | Elf:3    | Got the Compilation of the Sage
 36014 | Elf:3    | Identified the +2 kite shield of Charmed the Leaf {Will+
                  | Dex+3 Stlth+}
 36016 | Elf:3    | Identified the staff "ragingrage's Curse" {rElec rF+ rC-
                  | Str-3 Int+9 Fire}
 36020 | Elf:3    | Got the Atlas of the Bouncing Wars
 36032 | Elf:3    | Identified the +6 sling of Eriy {flame, *Slow Fly rC+
                  | Stlth+}
 36579 | Elf:3    | Found Botikeor's One-of-a-Kind Books.
 36979 | Snake:1  | Entered Level 1 of the Snake Pit
 37230 | Snake:1  | Found Soqees Vough's Antique Weapon Shop.
 37239 | Snake:1  | Found Poloerchi's Antique Armour Shop.
 37392 | Snake:1  | Bought a shiny helmet for 255 gold pieces
 37727 | Snake:2  | Found a transporter.
 37981 | Snake:2  | Identified the amulet of the Water Diviner {Faith Dex+3}
 37985 | Snake:2  | Found a transporter.
 38438 | Snake:3  | Reached skill level 15 in Fighting
 38438 | Snake:3  | Reached XP level 20. HP: 124/124 MP: 28/31
 38789 | Snake:3  | Noticed Mara
 38806 | Snake:3  | Banished Mara
 39226 | Snake:4  | Entered Level 4 of the Snake Pit
 39244 | Snake:4  | Reached skill level 5 in Earth Magic
 39295 | Snake:4  | Noticed Vashnia
 39351 | Snake:4  | Killed Vashnia
 39567 | Snake:4  | Noticed Bai Suzhen
 39576 | Snake:4  | Banished Bai Suzhen
 39993 | Snake:4  | Got a serpentine rune of Zot
 40264 | Snake:4  | Reached skill level 10 in Evocations
 40745 | Vaults:1 | Entered Level 1 of the Vaults
 40893 | Vaults:1 | Found a white marble altar of Elyvilon.
 40893 | Vaults:1 | Found a crumbling gateway.
 40893 | Vaults:1 | Found a glowing silver altar of Zin.
 40905 | Vaults:1 | Found a glowing golden altar of the Shining One.
 40916 | Vaults:1 | Reached XP level 21. HP: 122/130 MP: 29/33
 40931 | Desolati | Entered the Desolation of Salt
 40942 | Desolati | Reached skill level 5 in Stealth
 40986 | Desolati | Identified the ring "Eqyiha" {^Drain rF+ rCorr Int+3 SInv}
 40995 | Desolati | Reached skill level 15 in Invocations
 41118 | Desolati | Identified the amulet "Meus" {rF+ rN++ Regen+ rCorr Int-4}
 41135 | Desolati | Identified the +5 demon whip "Demon's Death Toll" {freeze,
                  | rCorr Int-2 Dex+4}
 41223 | Desolati | Identified the +2 robe of Jedot {rF++ rCorr Str-4 Stlth+}
 41244 | Desolati | Identified the +2 leather armour of Dogmatism {+Blink +Inv
                  | rF+++ Slay-5}
 41253 | Desolati | Identified the ring of the Heavens {rElec rPois rN+ Str-2
                  | Stlth+}
 41328 | Desolati | Identified the +2 falchion of Conformity {speed, Dex+4}
 41332 | Desolati | Got Gunlisty's Omnibus of Inflammable Distance
 41364 | Desolati | Identified the staff "Emmuamyrch" {Str+3 Int+3 SInv Earth}
 41403 | Desolati | Identified the staff "Utojotti" {rElec rF+ rN+ MP+9 Air}
 41436 | Desolati | Got Sif Muna's Vellum of the Xanthotic Mausoleum
 41992 | Vaults:1 | Reached skill level 10 in Stealth
 42621 | Vaults:1 | Reached XP level 22. HP: 135/135 MP: 34/34
 42627 | Vaults:1 | Learned a level 5 spell: Borgnjor's Vile Clutch
 42634 | Vaults:1 | Learned a level 6 spell: Death Channel
 43929 | Vaults:3 | Found a flickering gateway to a bazaar.
 43950 | Bazaar   | Entered a bazaar
 43970 | Bazaar   | Found Igaugof's Distillery.
 43975 | Bazaar   | Bought a potion of magic for 72 gold pieces
 43975 | Bazaar   | Bought 2 potions of haste for 180 gold pieces
 43975 | Bazaar   | Bought a potion of might for 36 gold pieces
 43975 | Bazaar   | Bought a potion of magic for 72 gold pieces
 43975 | Bazaar   | Bought a potion of invisibility for 72 gold pieces
 43975 | Bazaar   | Bought a potion of berserk rage for 45 gold pieces
 43985 | Bazaar   | Found Kosmash's Assorted Antiques.
 43990 | Bazaar   | Bought a scroll of enchant armour for 180 gold pieces
 44001 | Bazaar   | Found Loime's Assorted Antiques.
 44001 | Bazaar   | Found Ymuohino's General Store.
 44022 | Bazaar   | Found Waowom's Weapon Shoppe.
 44085 | Vaults:3 | Found a staircase to the Crypt.
 44105 | Vaults:3 | Found a magical portal.
 44116 | WizLab   | Entered Iskenderun's Mystic Tower
 44930 | WizLab   | Got Iskenderun's Tractate on the Discharge
 44930 | WizLab   | Got Iskenderun's Parchment of Force
 45249 | Vaults:3 | Found a huge runed translucent gate.
 45249 | Vaults:3 | Found a huge runed translucent gate.
 45249 | Vaults:3 | Found a huge runed translucent gate.
 45249 | Vaults:3 | Found a huge runed translucent gate.
 45250 | Vaults:3 | Found a huge runed translucent gate.
 45250 | Vaults:3 | Found a huge runed translucent gate.
 45250 | Vaults:3 | Found a huge runed translucent gate.
 45251 | Vaults:3 | Found a huge runed translucent gate.
 45251 | Vaults:3 | Found a huge runed translucent gate.
 45251 | Vaults:3 | Found a huge runed translucent gate.
 45251 | Vaults:3 | Found a huge runed translucent gate.
 45251 | Vaults:3 | Found a huge runed translucent gate.
 45251 | Vaults:3 | Found a huge runed translucent gate.
 45264 | Vaults:3 | Found a huge runed translucent gate.
 45265 | Vaults:3 | Found a huge runed translucent gate.
 45266 | Vaults:3 | Found a huge runed translucent gate.
 45266 | Vaults:3 | Found a huge runed translucent gate.
 45268 | Vaults:3 | Found a huge runed translucent gate.
 45269 | Vaults:3 | Found a huge runed translucent gate.
 45270 | Vaults:3 | Found a huge runed translucent gate.
 45270 | Vaults:3 | Found a huge runed translucent gate.
 45275 | Vaults:3 | Found a huge runed translucent gate.
 45276 | Vaults:3 | Found a huge runed translucent gate.
 45276 | Vaults:3 | Found a huge runed translucent gate.
 45276 | Vaults:3 | Found a huge runed translucent gate.
 45276 | Vaults:3 | Found a huge runed translucent gate.
 45281 | Vaults:3 | Found a huge runed translucent gate.
 45282 | Vaults:3 | Found a huge runed translucent gate.
 45283 | Vaults:3 | Found a huge runed translucent gate.
 45283 | Vaults:3 | Found a huge runed translucent gate.
 45288 | Vaults:3 | Found a huge runed translucent gate.
 45289 | Vaults:3 | Found a huge runed translucent gate.
 45289 | Vaults:3 | Found a huge runed translucent gate.
 45289 | Vaults:3 | Found a huge runed translucent gate.
 45289 | Vaults:3 | Found a huge runed translucent gate.
 45291 | Vaults:3 | Found a huge runed translucent gate.
 45337 | Vaults:3 | Found Wiezxatie's General Store.
 45628 | Vaults:3 | Found Ewain's Jewellery Boutique.
 46061 | Vaults:4 | Found a glowing silver altar of Zin.
 46119 | Vaults:4 | Reached skill level 10 in Necromancy
 46119 | Vaults:4 | Reached XP level 23. HP: 140/140 MP: 33/36
 46431 | Vaults:4 | Found Jozil's Antique Weapon Emporium.
 47257 | Depths:1 | Entered Level 1 of the Depths
 47526 | Depths:1 | Found the +8 autumn katana {manifold assault}
 47615 | Depths:1 | Learned a level 4 spell: Vhi's Electric Charge
 47710 | Depths:1 | Reached skill level 1 in Translocations
 47710 | Depths:1 | Reached skill level 1 in Air Magic
 47883 | Depths:1 | Found a snail-covered altar of Cheibriados.
 48762 | Depths:2 | Found a one-way gate to the infinite horrors of the Abyss.
 48967 | Depths:2 | Found a broken altar of Ashenzari.
 49185 | Depths:2 | Found a one-way gate leading to the halls of Pandemonium.
 49194 | Depths:2 | You fall into a shaft and drop 2 floors!
 49194 | Depths:4 | Entered Level 4 of the Depths
 49211 | Depths:4 | Reached XP level 24. HP: 146/146 MP: 33/36
 49213 | Depths:4 | Reached skill level 5 in Translocations
 49267 | Depths:4 | Reached skill level 15 in Evocations
 49411 | Depths:3 | Found a one-way gateway to a ziggurat.
 50046 | Depths:3 | Identified the +3 pair of gloves of Noon {rCorr}
 50247 | Depths:4 | Found Ajoxed's Magic Scroll Boutique.
 50247 | Depths:4 | Found Izimog Porr's Book Shop.
 50283 | Depths:4 | Bought a scroll of teleportation for 57 gold pieces
 50283 | Depths:4 | Bought a scroll of teleportation for 57 gold pieces
 50283 | Depths:4 | Bought a scroll of fear for 76 gold pieces
 50400 | Depths:4 | Found a gate to the Realm of Zot.
 50714 | Depths:4 | Found a hazy altar of Hepliaklqana.
 51235 | Vaults:5 | Entered Level 5 of the Vaults
 51256 | Vaults:5 | Reached skill level 5 in Spellcasting
 51261 | Vaults:5 | Reached skill level 5 in Air Magic
 51286 | Vaults:5 | Reached XP level 25. HP: 150/150 MP: 36/36
 51435 | Vaults:5 | Noticed an ancient lich
 51441 | Vaults:5 | Banished an ancient lich
 51536 | Vaults:5 | Identified the +2 cloak of Vewoh {Stlth+}
 51669 | Vaults:5 | Got the Treatise on the Zephyr
 51681 | Vaults:5 | Noticed Margery
 51704 | Vaults:5 | Killed Margery
 51754 | Vaults:5 | Got a silver rune of Zot
 51758 | Vaults:5 | Learned a level 2 spell: Blink
 51961 | Vaults:5 | Identified the +8 quarterstaff "Piejiuli" {freeze, Str+6}
 52095 | Vaults:5 | Identified the +0 helmet of Fuxogat {*Slow rElec Will+
                  | MP+9}
 52135 | Vaults:5 | Reached skill level 15 in Necromancy
 52154 | Vaults:5 | Noticed a dread lich
 52167 | Vaults:5 | Banished a dread lich
 52271 | Vaults:5 | Reached skill level 10 in Translocations
 52904 | Zot:1    | Entered Level 1 of the Realm of Zot
 52913 | Zot:1    | Reached skill level 15 in Dodging
 53408 | Zot:2    | Reached XP level 26. HP: 156/156 MP: 37/37
 53515 | Zot:2    | Noticed an orb of fire
 53626 | Zot:2    | Identified the orb of Unambiguity {mayhem, Will+ Slay+3
                  | Hexes}
 53726 | Zot:2    | Reached skill level 15 in Stealth
 53822 | Zot:2    | Identified the ring "Xokhuesa" {rElec rC+}
 53840 | Zot:2    | Banished an orb of fire
 54170 | Zot:3    | Noticed an orb of fire
 54360 | Zot:3    | Identified the +0 cloak of Uxuanwas {Dex+6}
 54558 | Zot:3    | Reached skill level 10 in Shields
 54978 | Zot:3    | Killed an orb of fire
 54993 | Zot:3    | Learned a level 4 spell: Manifold Assault
 55439 | Zot:4    | Reached XP level 27. HP: 163/163 MP: 37/37
 56149 | Zot:4    | Identified the +7 flail of the Loving Visionary {spect, rF+
                  | MP+9 Int+3}
 56277 | Zot:5    | Entered Level 5 of the Realm of Zot
 56389 | Zot:5    | Found a runed translucent gate.
 56390 | Zot:5    | Found a runed translucent gate.
 56394 | Zot:5    | Found a runed translucent gate.
 56394 | Zot:5    | Noticed Hsik's ghost (veteran DrBe)
 56398 | Zot:5    | Noticed Yrobre's ghost (legendary MiHu)
 56913 | Zot:5    | Noticed a dread lich
 56925 | Zot:5    | Killed a dread lich
 56949 | Zot:5    | Noticed an orb of fire
 56953 | Zot:5    | Gained mutation: Your magical capacity is low. (-10% MP)
                  | [an orb of fire]
 56954 | Zot:5    | Gained mutation: You are weak. (Str -2) [an orb of fire]
 56954 | Zot:5    | Noticed a dread lich
 57254 | Zot:5    | Noticed a dread lich
 57266 | Zot:5    | Killed a dread lich
 57435 | Zot:5    | Noticed an orb of fire
 57455 | Zot:5    | Killed an orb of fire
 57522 | Zot:5    | Killed a dread lich
 57526 | Zot:5    | Noticed a dread lich
 57539 | Zot:5    | Killed a dread lich
 57551 | Zot:5    | Noticed a dread lich
 57563 | Zot:5    | Banished a dread lich
 57586 | Zot:5    | Reached skill level 15 in Shields
 57591 | Zot:5    | Noticed a dread lich
 57593 | Zot:5    | Noticed a dread lich
 57601 | Zot:5    | Noticed an orb of fire
 57604 | Zot:5    | Banished a dread lich
 58072 | Zot:5    | Gained mutation: You are very weak. (Str -4) [an orb of
                  | fire]
 58074 | Zot:5    | Gained mutation: You occasionally shout uncontrollably at
                  | your foes. [an orb of fire]
 58082 | Zot:5    | Killed an orb of fire
 58113 | Zot:5    | Identified the +10 great mace of Untimely Demise {freeze,
                  | rN+++ Will+ Stlth-}
 58228 | Zot:5    | Got the Orb of Zot
 58267 | Zot:5    | Killed a dread lich
 58277 | Zot:5    | Gained mutation: Your magical capacity is very low. (-20%
                  | MP) [an orb of fire]
 58277 | Zot:5    | Gained mutation: You are clumsy. (Dex -2) [an orb of fire]
 58277 | Zot:5    | Gained mutation: You occasionally lose the ability to read
                  | scrolls when taking damage. [an orb of fire]
 58282 | Zot:5    | Gained mutation: You are dopey. (Int -2) [an orb of fire]
 58283 | Zot:5    | Gained mutation: You are vulnerable to heat. (rF-) [an orb
                  | of fire]
 58286 | Zot:4    | Gained mutation: You have hidden genetic defects. [an orb
                  | of fire]
 58288 | Zot:4    | Killed an orb of fire
 58318 | Zot:4    | Lost mutation: You are very weak. (Str -4) [potion of
                  | mutation]
 58318 | Zot:4    | Lost mutation: You are vulnerable to heat. (rF-) [potion of
                  | mutation]
 58318 | Zot:4    | Lost mutation: Your magical capacity is very low. (-20% MP)
                  | [potion of mutation]
 58319 | Zot:4    | Lost mutation: You have hidden genetic defects. [potion of
                  | mutation]
 58319 | Zot:4    | Lost mutation: Your magical capacity is low. (-10% MP)
                  | [potion of mutation]
 58319 | Zot:4    | Lost mutation: You occasionally lose the ability to read
                  | scrolls when taking damage. [potion of mutation]
 58319 | Zot:4    | Gained mutation: You have a somewhat thin skeletal
                  | structure. (Dex +2, Stealth+) [potion of mutation]
 58319 | Zot:4    | Gained mutation: You are partially covered in iridescent
                  | scales. (AC +2) [potion of mutation]
 58319 | Zot:4    | Gained mutation: You have hidden genetic potential. [potion
                  | of mutation]
 58320 | Zot:4    | Lost mutation: You have large cloven feet. [potion of
                  | mutation]
 58320 | Zot:4    | Lost mutation: You are clumsy. (Dex -2) [potion of
                  | mutation]
 58320 | Zot:4    | Lost mutation: You have hidden genetic potential. [potion
                  | of mutation]
 58462 | Depths:3 | Noticed Soentu Hune the pandemonium lord
 58816 | D:$      | Escaped with the Orb!

Illustrated notes

Levels and vault maps discovered:
D:1:      nzn_arrival_settlement, layout_basic
D:2:      layout_basic
D:3:      layout_basic, nicolae_overflow_hidden_temple
D:4:      layout_basic, mainiacjoe_overflow_six_doors_small,
          hangedman_abyss_or_decor_passed, amethyst_killhole,
          serial_library_hellmonk_room_c, minmay_misc_feat_roman, uniq_duvessa
D:5:      cheibrodos_fertilizer, layout_basic, fedhas_altar_4,
          minmay_temple_entry_tees, uniq_eustachio
D:6:      layout_loops_corners, serial_shops, shop, minmay_misc_feat_ornament,
          roadster_capsule_ark_zombie
D:7:      layout_basic, general_overflow_altar, lemuel_doored_altar
D:8:      layout_basic, pdpol_temple_overflow_zin_treasury_gozag_greed,
          makhleb_grotto_becter, dpeg_oklobed_lair, uniq_grum, uniq_gastronok
D:9:      layout_irregular_city, disabler_island
D:10:     layout_irregular_city, nicolae_qazlal_scattered_showers, minitemple,
          hangedman_decor_peaks_small, minmay_door_square,
          minmay_misc_feat_square, uniq_nergalle, uniq_sonja
D:11:     layout_loops_ring, david_orc_1_choice,
          portal_ice_cave_entry_animals_and_master, gauntlet_entry_generic
D:12:     layout_roguey, serial_shops, nicolae_shop_advertising_works
          [nicolae_subvault_shop_adworks], nemelex_lonely_heart_becter
D:13:     layout_basic, david_vaults_4, uniq_rupert, uniq_lodul
D:14:     layout_rooms, hangedman_decor_lopped, uniq_snorg
D:15:     hangedman_spin_cycle
Temple:   chequers_temple_sunken
Lair:1:   layout_chaotic_city, lemuel_fruit_tree
Lair:2:   cheibrodos_lair_overgrown_chateau, layout_cave_pods,
          minmay_snake_entry_guardpost_small,
          hellmonk_guarded_unrand_seven_league_boots
Lair:3:   layout_roguey, nicolae_shoals_entry_roost, serial_bayou,
          serial_bayou_pond_b, serial_bayou_crossing, serial_bayou_shore_b,
          serial_bayou_lake_a, hellmonk_talismancer, uniq_prince_ribbit2
Lair:4:   layout_cave_pods
Lair:5:   evil_forest, layout_cave_pods, dpeg_slime_entry_corner,
          ebering_ghost_disaster_area, grunt_megastairs_4
Shoals:1: layout_shoals, uniq_donald
Shoals:2: layout_shoals, serial_shops, shop, uniq_ilsuiw
Shoals:3: layout_shoals
Shoals:4: shoals_end_simple, layout_shoals, nicolae_shoals_seven_spires
Snake:1:  layout_misc_corridors, serial_bayou_pond_d, minmay_shop_star
Snake:2:  gammafunk_sealed_arena, layout_gridlike, serial_bayou_shore_a
Snake:3:  layout_basic, grunt_megastairs_2, uniq_mara
Snake:4:  snake_pit_salamanders_mu, layout_misc_corridors, special_room,
          nicolae_snake_slithery_corners, drop_trap,
          nicolae_snake_serpentine_hallways, uniq_bai_suzhen, uniq_vashnia
Orc:1:    layout_diamond_mine, gammafunk_ghost_stat_death, roderic_batcave,
          nicolae_orc_beogh_chapel, mines2_lemuel
Orc:2:    grunt_orc_tribal_feast, layout_caves
Elf:1:    layout_onion_city, serial_shops,
          nicolae_shop_competitors_out_of_business, nicolae_elf_theology_debate,
          minmay_misc_feat_columns, nicolae_shop_firing_range, uniq_nikola
Elf:2:    nicolae_elf_blades_crystal_corner, layout_rooms, serial_shops,
          nicolae_shop_gaudy_bauble
Elf:3:    minmay_elf_hall_statues, layout_geoelf_diagonals, nicolae_rare_books,
          nicolae_concentric_dashed_squares_wild
Vaults:1: portal_desolation_entry_holy_temple, v_pattern_3,
          ontoclasm_vaults_misaligned, nicolae_vaults_twisting_passages,
          ontoclasm_vaults_eye, hangedman_vaults_variations, v_misc_31,
          nicolae_vaults_steering_wheel, nicolae_vaults_double_plus_2,
          ontoclasm_vaults_gateway, nicolae_vaults_little_squares_4,
          nicolae_vaults_two_Ls, nicolae_vaults_little_squares_6,
          layout_vaults_omnibox
Vaults:2: vaults_room_boxed, ontoclasm_vaults_spin, hangedman_vaults_capsules,
          vaults_room_octagon, ontoclasm_vaults_pinch,
          nicolae_vaults_tetromino_T_1, nicolae_vaults_alarming,
          hangedman_vaults_corner_blocks, layout_vaults_omnigrid
Vaults:3: mu_enter_wizlab_6, minmay_crypt_entry_nasty_monster,
          nicolae_vaults_network_periphery, hangedman_vaults_pinch,
          nicolae_vaults_tetromino_Z_1, door_vault, v_pattern_4,
          vaults_mumra_minichess_inversion, grunt_vaults_swirl,
          nicolae_vaults_trapezoid_lopsided_2, v_misc_26,
          vaults_mumra_chevron_long, vaults_dpeg_encased_lava,
          nicolae_vaults_tetromino_L_1, nicolae_vaults_little_squares_2,
          layout_vaults_maze_bifur, serial_shops, bzr_entry_water,
          nicolae_square_shop, shop
Vaults:4: nicolae_vaults_closet_pinwheel_1, nicolae_vaults_network_square,
          nicolae_vaults_storage_room_statues, nicolae_vaults_tangram_2,
          lemuel_angel_altar, vaults_dpeg_ring, vaults_room_door_hall,
          ontoclasm_vaults_decontamination, vaults_mumra_hexcomb,
          nicolae_vaults_asterisk, layout_vaults_ring, serial_shops, shop
Vaults:5: uniq_margery
Depths:1: layout_gridlike, hellmouth_1, cheibriados_altar_1, corner_web_ring,
          wheals_unrand_guarded_autumn_katana
Depths:2: minmay_bloctagon, layout_cave_pools, grunt_pan_entry_sceptre,
          nicolae_abyss_entry_one_way_or_another, hell_entry,
          nicolae_ashenzari_skybound, infiniplex_staircase_pillars_1
Depths:3: grunt_double_whammy, layout_cave_pools, enter_ziggurat_d, hell_entry,
          abyss_entry, chequers_hall_statues_y, kennysheep_generic_room_11
Depths:4: evilmike_zot_entry_argh, layout_twisted_cross, minmay_misc_feat_room,
          hell_entry, abyss_entry_crystal,
          nicolae_hepliaklqana_monster_ancestors, minmay_shoptagon
Zot:1:    layout_onion_interference, lemuel_baited_zot_trap, st_stairs_5
Zot:2:    kennysheep_bubbly, layout_basic, grunt_ministairs_12, zot_minivault_5
Zot:3:    kennysheep_room_grid, layout_basic, zot_minivault_6
Zot:4:    layout_basic, uniq_grunn
Zot:5:    layout_onion, gammafunk_ghost_cemetery

Skill      XL: |  1  2  3  4  5  6  7  8  9 10 11 12 13 14 15 16 17 18 19 20 21 22 23 24 25 26 27 |
---------------+----------------------------------------------------------------------------------+-----
Fighting       | 1 2 5 6 7 8 10 11 15 16 17 18 | 18.0
Stealth        | 3 4 11 14 16 17 | 17.0
Short Blades   | 1 2 5 6 9 10 11 12 | 12.5
Ice Magic      | 5 6 7 |  7.0
Dodging        | 3 5 7 8 9 10 11 12 13 14 15 16 17 | 17.0
Invocations    | 3 6 7 9 10 11 12 14 15 16 18 | 18.0
Long Blades    | 4 10 | 10.2
Evocations     | 4 5 6 8 9 10 11 13 14 15 | 15.1
Shapeshifting  | 8 12 13 14 | 14.0
Shields        | 5 7 8 10 15 | 15.0
Necromancy     | 3 5 7 10 12 14 15 | 15.0
Earth Magic    | 4 5 6 |  6.0
Spellcasting   | 4 5 |  5.0
Translocations | 4 8 10 | 10.0
Air Magic      | 4 5 6 |  6.0

Action                     |  1- 3 |  4- 6 |  7- 9 | 10-12 | 13-15 | 16-18 | 19-21 | 22-24 | 25-27 || total
---------------------------+-------+-------+-------+-------+-------+-------+-------+-------+-------++-------
  Melee: Dagger            |    12 |    66 |    46 |    42 |    24 |       |       |       |       ||   190
         Unarmed           |     1 |       |       |       |       |       |       |       |       ||     1
         Bite              |     3 |    15 |    80 |   138 |   543 |   574 |   644 |   685 |   674 ||  3356
         Falchion          |       |       |   193 |   361 |   845 |       |       |       |       ||  1399
         Rapier            |       |       |       |       |   326 |  1201 |       |       |       ||  1527
         Maw               |       |       |       |       |   112 |   537 |   502 |   550 |   522 ||  2223
         Quick blade       |       |       |       |       |       |   135 |  1316 |  1366 |  1233 ||  4050
  Throw: Boomerang         |       |       |     5 |    21 |     1 |       |       |       |       ||    27
         Dart              |       |       |     2 |     7 |     3 |       |       |       |       ||    12
         Throwing net      |       |       |       |       |       |       |     1 |       |       ||     1
   Cast: Freeze            |    55 |    22 |    40 |       |       |       |       |       |       ||   117
         Frozen Ramparts   |     1 |     6 |     5 |    20 |    27 |       |       |       |       ||    59
         Ozocubu's Armour  |       |     2 |     4 |    27 |    41 |     1 |       |       |       ||    75
         Fugue of the Fall |       |       |       |       |       |    10 |    17 |    23 |    21 ||    71
         Passwall          |       |       |       |       |       |       |     1 |       |     1 ||     2
         Death Channel     |       |       |       |       |       |       |       |     2 |    18 ||    20
 Invoke: Stomp             |       |       |       |     1 |     4 |       |       |       |       ||     5
         Grand Finale      |       |       |       |       |     1 |       |       |     1 |     1 ||     3
  Evoke: Lightning rod     |       |       |     2 |       |     6 |     2 |       |       |       ||    10
         Wand              |       |       |       |     1 |     3 |    11 |       |       |     3 ||    18
         Tin of tremorston |       |       |       |       |     2 |     4 |     1 |     2 |     1 ||    10
         Box of beasts     |       |       |       |       |       |     1 |       |       |     1 ||     2
         Phantom mirror    |       |       |       |       |       |     1 |       |       |       ||     1
         Phial of floods   |       |       |       |       |       |     2 |       |       |       ||     2
    Use: Scroll            |       |       |    13 |     4 |     8 |    14 |     1 |     4 |     7 ||    51
         Potion            |       |       |       |     4 |     1 |     3 |     1 |     4 |     6 ||    19
   Stab: Distracted        |     1 |       |       |     2 |       |     1 |     1 |     5 |    11 ||    21
         Sleeping          |       |     3 |    10 |     7 |     9 |    31 |    24 |    44 |    40 ||   168
         Paralysed         |       |     1 |    11 |    26 |    63 |   125 |   105 |   110 |   109 ||   550
         Invisible         |       |       |       |       |       |     5 |       |       |       ||     5
 Armour: Robe              |    23 |    42 |   199 |   290 |   179 |       |       |       |       ||   733
         Leather armour    |       |       |       |       |   133 |       |       |       |       ||   133
         Acid dragon scale |       |       |       |       |   213 |       |       |       |       ||   213
         Ring mail         |       |       |       |       |    20 |       |       |       |       ||    20
         Ice dragon scales |       |       |       |       |     1 |       |       |       |       ||     1
         Skin              |       |       |       |       |    83 |   354 |   202 |   214 |   273 ||  1126
  Dodge: Dodged            |    27 |    49 |   158 |   223 |   584 |   365 |   342 |   453 |   436 ||  2637
  Block: Buckler           |       |       |       |       |    31 |   227 |   143 |   172 |   163 ||   736
   Form: Maw               |       |       |       |       |     2 |     2 |       |       |       ||     4
                           |       |       |       |       |     1 |     2 |       |       |       ||     3

Table legend: (Time is in decaauts)
 A = Elapsed time spent in this place.
 B = Non-inter-level travel time spent in this place.
 C = Inter-level travel time spent in this place.
 D = Time resting spent in this place.
 E = Time spent auto-exploring this place.
 F = Levels seen in this place.
 G = Mean time per level.
                   A        B        C        D        E       F      G
               +--------+--------+--------+--------+--------+-----+--------+
         Total |  56694 |  50792 |   5902 |   6903 |  32321 |  52 | 1090.3 |
       Dungeon |  17419 |  14882 |   2537 |   2120 |   9530 |  15 | 1161.3 |
        Temple |     37 |      1 |     36 |      0 |      0 |   1 |   37.0 |
          Lair |   8184 |   7542 |    642 |   1938 |   4079 |   5 | 1636.8 |
        Shoals |   4773 |   4587 |    186 |    727 |   3040 |   4 | 1193.2 |
     Snake Pit |   3414 |   3187 |    227 |     97 |   2450 |   4 |  853.5 |
  Orcish Mines |   1897 |   1464 |    433 |     14 |   1143 |   2 |  948.5 |
   Elven Halls |   3959 |   3582 |    377 |    340 |   2458 |   3 | 1319.7 |
        Vaults |   5919 |   4991 |    928 |      5 |   3816 |   5 | 1183.8 |
        Depths |   3649 |   3330 |    319 |    285 |   2206 |   4 |  912.2 |
           Zot |   5244 |   5031 |    213 |    944 |   2894 |   5 | 1048.8 |
        Bazaar |     97 |     97 |      0 |      0 |     23 |   1 |   97.0 |
        Wizlab |    924 |    924 |      0 |    431 |    269 |   1 |  924.0 |
    Desolation |    759 |    759 |      0 |      0 |    412 |   1 |  759.0 |
      Gauntlet |    411 |    411 |      0 |      0 |      0 |   1 |  411.0 |
               +--------+--------+--------+--------+--------+-----+--------+

Top non-repeatable levels by time:
  Lair:2: 2398 daAuts
     D:9: 2087 daAuts
   Zot:5: 1912 daAuts
   Elf:3: 1771 daAuts
     D:4: 1666 daAuts
  Lair:5: 1629 daAuts
  Lair:1: 1624 daAuts
  Lair:3: 1555 daAuts
     D:1: 1553 daAuts
Shoals:1: 1552 daAuts
Vaults:2: 1371 daAuts
    D:11: 1367 daAuts
     D:6: 1299 daAuts
Vaults:1: 1270 daAuts
Depths:1: 1259 daAuts
